AoeStats
← 啊超

Arena

506656487Analyzed
4v4 RM · 16d ago on Sep 14, 2026· 22m 13s· 8 players
Game mode
Random Map
Map size
Large (8 player)
Population
200
Speed
Normal
Resources
Standard
Victory
Conquest
Starting age
Dark Age
Ending age
Imperial Age
RankedLock teamsTeams togetherTeam positionsShared explorationLock speedFull tech treeHidden civsTurbo modeCheats
Victory
Defeat
🇨🇳 Spanish · China
1224
+12
🇪🇨 Vietnamese · Ecuador
1147
+15
🇨🇳 Franks · China
1113
+16
🇨🇱 Portuguese · Chile
1102
+17
🇹🇷 Bohemians · Türkiye
1150
-16
🇪🇸 Cumans · Spain
1130
-15
🇮🇳 Ethiopians · India
1113
-15
🇹🇼 Spanish · Taiwan
1101
-14
Lokatrox
6:07 Loom
1s3m
0:28 Loom
恨海情天
Taiwan_倫仔
11:00 Feudal Age
15:47 Castle Age
14:13 Double-Bit Axe
14:49 Stone Mining
16:52 Bow Saw
16:31 Loom
啊超
10:54 Feudal Age
15:17 Castle Age
14:36 Double-Bit Axe
15:18 Loom
Leobossy
11:34 Feudal Age
12:56 Loom
15:44 Castle Age
14:25 Double-Bit Axe
18:27 Scale Mail Armor
きしツ
7:01 Loom
11:16 Feudal Age
15:23 Castle Age
15:42 Double-Bit Axe
16:49 Bow Saw
16:40 Horse Collar
17:55 Heavy Plow
18:41 Town Watch
20:00 Wheelbarrow
LY
10:50 Feudal Age
10:55 Loom
15:25 Castle Age
14:29 Gold Mining
15:16 Fletching
21:19 Horse Collar
22:32 Wheelbarrow
22:05 Heavy Plow
21:58 Stone Mining
Connection lost

Rejoining the realm…

Still unreachable

The connection could not be restored.

Session expired

The server has moved on; the page needs a fresh start.